 Dungeon Crawl Stone Soup version 0.21-a0-400-g417d9d2 (webtiles) character file.

45 Monsterracer the Sneak (level 3, 0/18 HPs)
             Began as a Vine Stalker Assassin on Oct 20, 2017.
             Slain by Natasha (4 damage)
             ... on level 2 of the Dungeon.
             The game lasted 00:02:42 (1042 turns).

Monsterracer the Sneak (Vine Stalker Assassin)      Turns: 1042, Time: 00:02:42

Health: 0/18       AC:  7    Str: 14    XL:     3   Next: 64%
Magic:  0/4        EV:  9    Int: 11    God:
Gold:   50         SH:  0    Dex: 15    Spells: 2/2 levels left

rFire    . . .     SeeInvis .   a - +2 dagger
rCold    . . .     Gourm    .   (no shield)
rNeg     . . .     Faith    .   i - +0 scale mail (curse)
rPois    .         Spirit   +   (no helmet)
rElec    .         Reflect  .   d - +0 cloak
rCorr    .         Harm     .   (no gloves)
MR       .....                  (no boots)
Stlth    ++........             (no amulet)
HPRegen  0.06/turn              (no ring)
MPRegen  0.09/turn              (no ring)

@: no status effects
A: fangs 2, magic shield, antimagic bite, no potion heal 3, rot immunity
a: no special abilities


You were on level 2 of the Dungeon.
You were hungry.

You visited 1 branch of the dungeon, and saw 2 of its levels.

You collected 50 gold pieces.

Inventory:

Hand Weapons
 a - a +2 dagger (weapon)
 b - a +0 blowgun
Missiles
 e - 8 poisoned needles
 f - 2 curare-tipped needles
Armour
 c - a +0 robe
 d - a +0 cloak (worn)
 i - a cursed +0 scale mail (worn)
 l - a +0 chain mail
Scrolls
 h - 2 scrolls of teleportation {unknown}
 j - a scroll of remove curse {unknown}
 n - a scroll of recharging {unknown}
 p - a scroll of magic mapping {unknown}
 q - a scroll of identify {unknown}
Comestibles
 g - a bread ration
 k - a meat ration


   Skills:
 + Level 2.1 Fighting
 * Level 2.4 Short Blades
 - Level 1.7 Throwing
 + Level 0.7 Armour
 + Level 1.2 Dodging
 + Level 5.2 Stealth


You had 2 spell levels left.
You didn't know any spells.

Dungeon Overview and Level Annotations

Branches:
Dungeon (2/15)

Altars:

Annotations:
D:2 Natasha


Innate Abilities, Weirdness & Mutations

You have extremely sharp teeth.
When hurt, damage is shared between your health and your magic reserves.
Your bite disrupts and absorbs the magic of your enemies.
Potions cannot restore your health.
You are immune to rotting.


Message History

You hit the goblin.
You kill the goblin!
A kobold comes into view. It is wielding a dagger.
The giant cockroach closely misses you.
You hit the giant cockroach but do no damage.
The giant cockroach barely misses you.
You hit the giant cockroach but do no damage.
The giant cockroach bites you but does no damage.
There is a stone staircase leading up here.
You hit the giant cockroach but do no damage.
Your bite misses the giant cockroach.
The giant cockroach bites you but does no damage. x2
You hit the giant cockroach.
The giant cockroach is almost dead.
The giant cockroach bites you but does no damage.
You barely miss the giant cockroach. Your bite misses the giant cockroach.
The giant cockroach is almost dead.
The giant cockroach bites you but does no damage.
You hit the giant cockroach.
You kill the giant cockroach!
You start resting.
HP restored.
The kobold shouts!
A frilled lizard comes into view.
You barely miss the kobold. The kobold closely misses you.
You closely miss the kobold.
The frilled lizard hisses angrily.
Your bite misses the kobold. The kobold hits you but does no damage.
You closely miss the kobold. Your bite misses the kobold.
You hit the kobold but do no damage. You bite the kobold, but do no damage.
The kobold hits you with a dagger.
Damage: -5%(-1hp) hp: 95%(17hp)
You miss the kobold. Your bite misses the kobold.
The kobold closely misses you.
You hit the kobold.
You kill the kobold!
The frilled lizard closely misses you.
You see here a dagger.
You hit the frilled lizard.
The frilled lizard is moderately wounded.
The frilled lizard bites you but does no damage.
You miss the frilled lizard. Your bite misses the frilled lizard.
The frilled lizard is moderately wounded.
The frilled lizard bites you but does no damage.
You hit the frilled lizard.
You kill the frilled lizard!
Found a bread ration.
You see here a dagger.
There is a stone staircase leading up here.
You climb upwards.
Level annotation: Natasha
There is a stone staircase leading down here.
Natasha mumbles some strange words.
The crimson imp blinks!
Natasha barely misses you.
You climb downwards.
You are feeling hungry.
There is a stone staircase leading up here.
You hit Natasha. You bite Natasha.
Natasha's magic leaks into the air.
You drain her magic.
Natasha is moderately wounded.
Natasha claws you but does no damage.
You barely miss Natasha. You bite Natasha, but do no damage.
Natasha is moderately wounded.
Natasha howls an incantation.
Natasha glows brightly for a moment.
Natasha barely misses you.
You closely miss Natasha.
Natasha is moderately wounded.
Natasha claws you!
Huge Dmg: -33%(-6hp) hp: 67%(12hp)
You hit Natasha.
Natasha is heavily wounded.
You hit Natasha. You bite Natasha.
Natasha's magic leaks into the air.
You drain her magic.
You feel invigorated.
Natasha is severely wounded.
Natasha claws you.
Damage: -11%(-2hp) hp: 56%(10hp)
You hit Natasha but do no damage.
Natasha is severely wounded.
Natasha closely misses you.
You hit Natasha but do no damage.
Natasha is severely wounded.
Natasha claws you!
* * * LOW HITPOINT WARNING * * *
Huge Dmg: -33%(-6hp) hp: 23%(4hp)
You barely miss Natasha. You bite Natasha, but do no damage.
Natasha is heavily wounded.
Natasha claws you but does no damage.
You hit Natasha. Your bite misses Natasha.
Natasha is severely wounded.
Natasha casts a spell.
You completely miss Natasha.
Natasha is severely wounded.
Natasha claws you but does no damage.
You hit Natasha but do no damage. Your bite misses Natasha.
Natasha is severely wounded.
Natasha claws you.
* * * LOW MAGIC WARNING * * *
You die...

# ..## #######
#....####.....#
%.......#....5#
#...)...h.#
#####....@#
#.....# #.(...#
#.....# #######


You could see Natasha and a white imp.

Vanquished Creatures
  An ooze (D:1)
  A dart slug (D:1)
  2 bats (D:1)
  5 giant cockroaches
  6 goblins
  2 hobgoblins
  8 jackals (D:1)
  3 kobolds
  2 frilled lizards
  3 rats (D:1)
33 creatures vanquished.

Vanquished Creatures (others)
  5 toadstools (D:1)
5 creatures vanquished.

Grand Total: 38 creatures vanquished

Notes
Turn   | Place    | Note
-------+----------+-------------------------------------------
     0 | D:1      | Monsterracer the Vine Stalker Assassin began the quest for the Orb.
     0 | D:1      | Reached XP level 1. HP: 11/11 MP: 2/2
    77 | D:1      | Reached skill level 1 in Dodging
    77 | D:1      | Reached XP level 2. HP: 15/15 MP: 1/3
    83 | D:1      | Reached skill level 5 in Stealth
   145 | D:1      | HP: 7/15 [jackal (2)]
   150 | D:1      | Reached XP level 3. HP: 7/18 MP: 1/4
   709 | D:2      | Noticed Natasha
   714 | D:1      | HP: 7/18 [Natasha/magic dart (5)]
   715 | D:1      | HP: 3/18 [Natasha (2)]
   717 | D:1      | HP: 1/18 [Natasha (1)]
   735 | D:1      | HP: 2/18 [bat (1)]
  1038 | D:2      | HP: 4/18 [Natasha (6)]
  1042 | D:2      | Slain by Natasha

Vault maps used:
D:1:      ldierk_walled_garden
D:2:      uniq_natasha

Skill      XL: |  1  2 |
---------------+-------+-----
Short Blades   | 2 |  2.4
Dodging        | 1 |  1.2
Stealth        | 5 |  5.2
Fighting       | 2 |  2.1
Throwing       | |  1.7
Armour         | |  0.7

Action                   || total
-------------------------++-------
Melee: Dagger            ||   123
       Bite              ||    29
  Use: Potion            ||     2
 Stab: Sleeping          ||     2
Armor: Scale mail        ||    82
Dodge: Dodged            ||    85

Table legend:
 A = Spawn XP
 B = Non-spawn XP
 C = Spawn XP percentage of total XP
 D = Spawn monster count
 E = Non-spawn monster count
 F = Spawn count percentage of total count
 G = Total turns spent on level
                    A         B        C        D         E        F      G
               +---------+---------+-------+---------+---------+-------+---------
         Total |       0 |      65 |   0.0 |       0 |      33 |   0.0 |  1042
               +---------+---------+-------+---------+---------+-------+---------
           D:1 |       0 |      57 |   0.0 |       0 |      28 |   0.0 |   811
           D:2 |       0 |       8 |   0.0 |       0 |       5 |   0.0 |   231
               +---------+---------+-------+---------+---------+-------+---------

Vault maps used:
D:1:      ldierk_walled_garden
D:2:      uniq_natasha
